Map: Data-C

Players

binski

  • Race: Terran Terran
  • Spawn Location: 9:00

Epic - Winner!

  • Race: Terran Terran
  • Spawn Location: 3:00

Event: DreamHack SC2 Masters 2022 Atlanta (Offline)

VOD

Have the link to the VOD?

Description

Time

  • Played on: Nov. 18, 2022, 3:27 p.m.
  • Length: 10:56

All games in this series

Show
View Real Time Build Order
Export as new Build Order

binski Terran 

Build Orders:  

Get SALT Encoding   

  12  0:00  SCV  
  13  0:12  SCV  
  14  0:17  Supply Depot  
  14  0:24  SCV  
  15  0:39  SCV  
  15  0:41  Barracks  
  16  0:45  Refinery  
  16  0:51  SCV  
  16  0:52  Refinery  
  17  1:03  SCV  
  18  1:15  SCV  
  19  1:27  Orbital Command  
  19  1:28  Reaper  
  20  1:33  Supply Depot  
  20  1:44  Factory  
  20  1:53  SCV  
  21  2:00  Reaper  
  22  2:05  SCV  
  23  2:17  SCV  
  24  2:23  Command Center  
  24  2:30  SCV  
  24  2:32  Reaper  
  24  2:34  Hellion  
  27  2:42  SCV  
  28  2:46  Supply Depot  
  28  2:54  SCV  
  28  2:55  Factory Tech Lab  
  29  2:59  Starport  
  29  3:06  SCV  
  29  3:10  Barracks Reactor  
  30  3:18  SCV  
  31  3:24  Cyclone  
  34  3:28  Refinery  
  34  3:30  SCV  
  35  3:36  Starport Tech Lab  
  35  3:43  SCV  
  35  3:45  Marine x2  
  35  3:48  Orbital Command  
  38  3:55  SCV  
  39  3:56  Siege Tank  
  39  4:02  Supply Depot  
  42  4:03  Marine x2  
  42  4:07  SCV  
  44  4:14  SCV  
  44  4:15  Raven  
  47  4:19  SCV  
  47  4:21  Supply Depot  
  47  4:23  Marine x2  
  50  4:26  SCV  
  52  4:31  SCV  
  52  4:35  Siege Tank  
  55  4:39  SCV  
  55  4:45  SCV  
  57  4:50  Command Center  
  57  4:53  SCV  
  57  4:57  SCV, Marine  
  57  4:58  Raven  
  62  5:05  SCV  
  63  5:07  Supply Depot  
  63  5:09  SCV  
  63  5:12  Siege Tank  
  63  5:13  Marine  
  68  5:15  Marine  
  68  5:17  SCV  
  70  5:25  Supply Depot  
  70  5:29  SCV  
  70  5:30  Supply Depot, SCV  
  70  5:33  Refinery  
  72  5:41  SCV  
  72  5:42  SCV  
  74  5:44  Siege Tank  
  74  5:45  Barracks  
  74  5:46  Barracks  
  74  5:47  Marine  
  74  5:49  Stimpack  
  78  5:56  Viking  
  78  5:57  SCV  
  80  5:59  SCV  
  78  6:07  Orbital Command  
  78  6:09  SCV, Marine  
  80  6:13  SCV  
  80  6:21  SCV  
  80  6:25  SCV  
  80  6:26  Supply Depot, Orbital Command  
  80  6:33  SCV  
  80  6:36  Marine  
  80  6:37  SCV, Siege Tank  
  80  6:38  Barracks Reactor  
  86  6:40  Barracks Reactor  
  86  6:45  SCV  
  87  6:49  SCV  
  87  6:51  Viking  
  87  6:53  SCV  
  91  6:54  Marine  
  91  6:57  SCV  
  94  7:01  SCV  
  94  7:04  Medivac  
  94  7:05  SCV  
  97  7:09  SCV, Siege Tank  
  97  7:11  Refinery  
  97  7:12  Marine  
  97  7:13  SCV  
  97  7:14  Refinery  
  97  7:15  Marine x2  
  105  7:17  Marine x2  
  105  7:21  Medivac  
  109  7:23  Engineering Bay  
  109  7:25  Engineering Bay, SCV x2  
  109  7:26  SCV  
  109  7:29  Combat Shield  
  112  7:30  Marine  
  112  7:37  SCV x2  
  114  7:42  Marine x2  
  117  7:49  Marine x2  
  117  7:57  Siege Tank  
  117  7:58  SCV x2  
  117  8:00  Marine x3  
  117  8:05  Terran Infantry Armor Level 1, Terran Infantry Weapons Level 1  
  117  8:07  Supply Depot  
  117  8:08  Supply Depot  
  117  8:12  Supply Depot  
  117  8:13  Supply Depot  
  117  8:18  SCV x2  
  117  8:26  Armory, Marine x2  
  117  8:28  SCV, Medivac x2, Marine x3  
  117  8:29  Supply Depot  
  117  8:30  SCV  
  117  8:31  Supply Depot, SCV  
  125  8:41  SCV  
  123  8:42  SCV  
  123  8:43  SCV  
  123  8:44  Marine x2  
  123  8:46  Siege Tank, Marine x3  
  131  8:51  Barracks  
  131  8:52  Supply Depot  
  131  8:53  SCV  
  131  8:54  SCV  
  133  9:01  Supply Depot  
  133  9:02  Barracks, Marine x2  
  135  9:04  Marine  
  136  9:10  Command Center  
  136  9:12  SCV x2  
  138  9:24  Marine x5  
  131  9:31  Medivac x2, Siege Tank  
  113  9:32  SCV x2  
  113  9:38  Barracks Reactor  
  99  9:41  Marine x2  
  99  9:42  Marine x3  
  104  9:48  Factory  
  104  9:52  SCV x2  
  105  9:59  Marine x4  
  107  10:00  Marine  
  107  10:01  Medivac x2  
  107  10:03  Siege Tank  
  116  10:16  Barracks Reactor, Command Center  
  116  10:17  Marine x6  
  116  10:18  Marine  
  123  10:25  SCV x2  
  124  10:34  SCV, Marine x2  
  120  10:36  Marine  
  120  10:37  Marine x3  
  109  10:52  Barracks Reactor  
Show
View Real Time Build Order
Export as new Build Order

Epic Terran - Winner!

Build Orders:  

Get SALT Encoding   

  12  0:00  SCV  
  13  0:12  SCV  
  14  0:16  Supply Depot  
  14  0:24  SCV  
  15  0:38  SCV  
  15  0:39  Barracks  
  16  0:43  Refinery  
  16  0:50  SCV  
  16  0:56  Refinery  
  17  1:02  SCV  
  18  1:14  SCV  
  19  1:27  Reaper, Orbital Command  
  20  1:35  Supply Depot  
  20  1:44  Factory  
  20  1:52  SCV  
  21  1:59  Reaper  
  22  2:04  SCV  
  23  2:17  SCV  
  24  2:28  Command Center  
  24  2:30  Hellion  
  24  2:32  SCV  
  24  2:35  Barracks Reactor  
  26  2:44  SCV  
  26  2:46  Starport  
  27  2:54  Supply Depot  
  27  2:56  Factory Tech Lab  
  27  3:00  SCV  
  28  3:13  SCV  
  28  3:16  Cyclone  
  28  3:18  Marine x2  
  34  3:24  Starport Tech Lab  
  34  3:25  SCV  
  35  3:31  Refinery  
  35  3:36  Marine x2  
  35  3:38  SCV  
  38  3:48  Orbital Command  
  38  3:50  SCV  
  38  3:54  Raven  
  41  3:58  Marine x2  
  41  4:02  SCV  
  43  4:10  Siege Tank  
  43  4:14  Supply Depot  
  43  4:16  SCV x2  
  47  4:18  Marine  
  47  4:20  Marine  
  49  4:28  SCV x2  
  51  4:37  Supply Depot, Raven  
  53  4:40  SCV  
  53  4:41  SCV  
  53  4:45  Marine x2  
  56  4:50  Siege Tank  
  59  4:53  SCV x2  
  61  5:03  Command Center  
  60  5:08  SCV  
  60  5:09  SCV  
  60  5:11  Supply Depot  
  60  5:12  Refinery  
  62  5:20  SCV  
  62  5:21  SCV  
  64  5:22  Siege Tank  
  67  5:29  Viking  
  67  5:33  Viking  
  72  5:35  SCV x2  
  72  5:36  Supply Depot  
  72  5:37  Marine  
  72  5:40  Stimpack  
  74  5:47  SCV x2  
  76  5:57  Siege Tank  
  76  5:59  Viking  
  76  6:01  SCV x2  
  76  6:03  Supply Depot, Viking  
  85  6:09  Marine  
  86  6:14  SCV x2  
  86  6:15  Orbital Command  
  86  6:17  Barracks  
  88  6:20  Barracks  
  88  6:27  SCV x2  
  88  6:31  Engineering Bay  
  90  6:32  Engineering Bay  
  90  6:34  Siege Tank  
  90  6:37  Supply Depot  
  93  6:41  SCV x2  
  93  6:45  Marine  
  94  6:52  SCV  
  94  6:53  SCV x2  
  97  6:55  Supply Depot, Viking  
  97  6:58  Viking  
  97  6:59  Supply Depot  
  97  7:00  Terran Infantry Weapons Level 1  
  101  7:02  Terran Infantry Armor Level 1  
  101  7:04  SCV  
  101  7:05  SCV x2  
  101  7:07  Barracks Reactor  
  104  7:09  Barracks Reactor  
  104  7:13  Supply Depot  
  104  7:14  Siege Tank  
  107  7:20  SCV x2  
  109  7:24  Orbital Command  
  109  7:25  Combat Shield, Marine  
  109  7:32  SCV x2  
  111  7:39  Barracks  
  111  7:42  Barracks  
  111  7:43  Viking x2  
  115  7:53  Siege Tank  
  115  8:00  SCV x2  
  115  8:01  Orbital Command  
  115  8:03  Marine x2  
  115  8:04  Marine x3  
  121  8:08  Supply Depot  
  121  8:09  Supply Depot  
  121  8:10  Supply Depot, Armory  
  121  8:13  SCV  
  121  8:14  SCV  
  121  8:18  Medivac x2  
  127  8:21  Orbital Command  
  127  8:28  SCV x2  
  127  8:32  Marine x2  
  127  8:33  Marine x3  
  134  8:40  SCV x2  
  134  8:41  Siege Tank  
  139  8:45  Barracks Reactor  
  139  8:46  Barracks Reactor  
  139  8:47  SCV  
  140  8:48  Missile Turret  
  140  8:50  Marine  
  140  8:51  Missile Turret  
  140  8:52  Refinery  
  140  8:55  Missile Turret  
  141  8:58  Marine x4  
  141  9:00  Medivac  
  141  9:01  Medivac  
  152  9:07  Refinery  
  152  9:08  Marine  
  150  9:10  Missile Turret  
  150  9:11  Missile Turret  
  150  9:19  Marine x4  
  152  9:26  Marine  
  122  9:33  Siege Tank  
  122  9:36  Marine  
  122  9:37  Marine x7  
  127  9:44  Medivac  
  129  9:45  Command Center, Medivac  
  129  9:50  Marine  
  132  9:54  Marine x5  
  132  9:55  Marine x2  
  132  9:57  Marine  
  140  10:03  SCV x2  
  140  10:04  SCV  
  140  10:05  Siege Tank  
  146  10:08  Marine  
  146  10:10  Sensor Tower  
  146  10:12  Marine x5  
  152  10:16  Medivac  
  154  10:24  Marine x3  
  154  10:26  Marine  
  158  10:30  Marine x5  
  158  10:31  SCV  
  165  10:35  SCV x2  
  165  10:41  Refinery  
  158  10:45  Refinery  
Tags
 
Add a new tag
Caveats
  • Supply blocks, unpowered buildings, or Contaminate may cause inaccurate times.
  • Supply counts are checked every 10 seconds.